 Dungeon Crawl Stone Soup version 0.30-a0-1085-g990a428a5c (webtiles) character file.

Game seed: 13111435145002592806

38 BirdDuck the Trooper (level 3, 0/29 HPs)
             Began as a Demonspawn Berserker on Apr 17, 2023.
             Was a Follower of Trog.
             Slain by a gnoll
             ... wielding a +0 spear of venom
              (4 damage)
             ... on level 2 of the Dungeon.
             The game lasted 00:02:15 (1186 turns).

BirdDuck the Trooper (Demonspawn Berserker)         Turns: 1186, Time: 00:02:16

Health: 0/29       AC:  2    Str: 19    XL:     3   Next: 25%
Magic:  3/3        EV: 12    Int:  8    God:    Trog [*.....]
Gold:   81         SH:  0    Dex: 12    Spells: 2/2 levels left

rFire   . . .      SeeInvis .    f - +1 spear (freeze)
rCold   . . .      Faith    .    (no shield)
rNeg    . . .      Spirit   .    b - +0 animal skin
rPois   .          Reflect  .    (no helmet)
rElec   .          Rampage  .    (no cloak)
rCorr   .                        (no gloves)
Will    .....                    (no boots)
Stlth   +                        (no amulet)
HPRegen 0.24/turn                (no ring)
MPRegen 0.08/turn                (no ring)

@: lethally poisoned (0 -> -7)
A: spiny 1
a: Renounce Religion, Berserk


You were on level 2 of the Dungeon.
You worshipped Trog.
Trog was aware of your devotion.
You visited 1 branch of the dungeon, and saw 2 of its levels.

You collected 81 gold pieces.

Inventory:

Hand Weapons
 a - a +0 falchion
 f - a +1 spear of freezing (weapon)
Armour
 b - a +0 animal skin (worn)
Scrolls
 d - a scroll of magic mapping
 h - a scroll of identify {unknown}
 k - a scroll of blinking {unknown}
Potions
 c - a potion of flight {unknown}
 e - a potion of resistance
 g - a potion of heal wounds {unknown}
 i - a potion of cancellation {unknown}
 j - a potion of mutation {unknown}


   Skills:
 + Level 3.2 Fighting
 + Level 3.1 Long Blades
 + Level 0.7 Polearms
 + Level 2.0 Armour
 + Level 2.3 Dodging


You had 2 spell levels left.
You didn't know any spells.
Your spell library was empty.

Dungeon Overview and Level Annotations

Branches:
Dungeon (2/15)

Altars:


Innate Abilities, Weirdness & Mutations

You are partially covered in sharp spines.


Message History

k - a scroll labelled UNWIAR DOIN You open the door.
There is an open door here.
Found a stone staircase leading up. 2 gnolls come into view.
A gnoll is wielding a +0 spear of venom.
The gnoll shouts! x2
A gnoll comes into view. It is wielding a +0 club.
There are monsters nearby!
There are monsters nearby!
There are monsters nearby!
The gnoll is struck by your spines. The gnoll closely misses you.
You hit the gnoll. You freeze the gnoll.
The gnoll is heavily wounded.
The gnoll is struck by your spines. The gnoll misses you.
The gnoll hits you from afar with a +0 spear of venom!
You are poisoned.
You hit the gnoll. You freeze the gnoll.
You kill the gnoll!
Trog accepts your kill.
You feel very sick. The gnoll closely misses you.
The gnoll hits you with a +0 club.
You feel sick. The gnoll is struck by your spines. The gnoll barely misses you.
You see here a +0 flail.
The gnoll attacks as you move away! The gnoll barely misses you.
You feel sick. The gnoll barely misses you.
You hit the gnoll but do no damage.
The gnoll is lightly wounded.
You feel sick. The gnoll hits you but does no damage.
You are more poisoned.
The gnoll hits you with a +0 club.
* * * LOW HITPOINT WARNING * * *
You hit the gnoll. You freeze the gnoll.
The gnoll is moderately wounded.
* * * LOW HITPOINT WARNING * * *
You feel sick. The gnoll barely misses you.
* * * LOW HITPOINT WARNING * * *
You feel sick. The gnoll is struck by your spines.
The gnoll hits you with a +0 spear of venom.
You die...

... #.....#
....+.....#
..#.....# #
....... # #....
####. .#### #..#
..... ..... #
#..+....<+ ....
#.#+#.##.##.....#
#.
#.......@g.......
#.
##.....g).########
##.
#...............#
#..
.....#####.......#
#.. ...##
#.......# #.. ..
#.......##...... .
#........####..#
###........>..##
###'###########.


You could see 2 gnolls.

Vanquished Creatures
  A gnoll (D:2)
  An adder (D:2)
  4 orcs (D:2)
  3 endoplasms
  3 giant cockroaches
  A goblin (D:2)
  A frilled lizard (D:2)
  A kobold (D:2)
15 creatures vanquished.

Notes
Turn   | Place    | Note
-------+----------+-------------------------------------------
     0 | D:1      | BirdDuck the Demonspawn Berserker began the quest for the
                  | Orb.
     0 | D:1      | Reached XP level 1. HP: 18/18 MP: 1/1
   902 | D:2      | Gained mutation: You are partially covered in sharp spines.
                  | [demonic ancestry]
   902 | D:2      | Reached XP level 2. HP: 11/24 MP: 2/2
  1073 | D:2      | Reached XP level 3. HP: 10/29 MP: 3/3
  1186 | D:2      | Slain by a gnoll

Illustrated notes

Levels and vault maps discovered:
D:1:      mrwooster_arrival_statue, layout_loops_corners
D:2:      layout_basic, dk_noncrumbling_2, minmay_curled_crystal

Skill      XL: |  1  2 |
---------------+-------+-----
Dodging        | 2 |  2.3
Long Blades    | 3 |  3.1
Armour         | 2 |  2.0
Fighting       | |  3.2
Polearms       | |  0.7

Action                     || total
---------------------------++-------
  Melee: Spear             ||    19
         Falchion          ||     8
 Invoke: Berserk           ||     1
    Use: Scroll            ||     1
         Potion            ||     1
 Armour: Animal skin       ||     3
  Dodge: Dodged            ||    17

Table legend: (Time is in decaauts)
 A = Elapsed time spent in this place.
 B = Non-inter-level travel time spent in this place.
 C = Inter-level travel time spent in this place.
 D = Time resting spent in this place.
 E = Time spent auto-exploring this place.
 F = Levels seen in this place.
 G = Mean time per level.
                   A        B        C        D        E       F      G
               +--------+--------+--------+--------+--------+-----+--------+
         Total |   1197 |   1124 |     73 |     42 |    972 |   2 |  598.5 |
       Dungeon |   1197 |   1124 |     73 |     42 |    972 |   2 |  598.5 |
               +--------+--------+--------+--------+--------+-----+--------+

Top non-repeatable levels by time:
     D:1: 847 daAuts
     D:2: 349 daAuts
